 Dungeon Crawl Stone Soup version 0.28-a0-268-g3f656e82c2 (webtiles) character file.

Game seed: 7151272790901662372

1481 Spaninq the Insei (level 9, -1/94 HPs)
             Began as a Djinni Transmuter on Aug 28, 2021.
             Was a Follower of Cheibriados.
             Slain by Duvessa (5 damage)
             ... on level 6 of the Dungeon.
             The game lasted 00:17:15 (7461 turns).

Spaninq the Insei (Djinni Transmuter)               Turns: 7461, Time: 00:17:15

Health: -1/94      AC: 24    Str: 12    XL:     9   Next: 7%
Gold:   212        EV:  2    Int: 18    God:    Cheibriados [*.....] SH:  0 Dex: 17

rFire   + . .      SeeInvis .     - Unarmed
rCold   + . .      Faith    .   (no shield)
rNeg    + + +      Spirit   .   (armour currently unavailable)
rPois   ∞          Reflect  .   (helmet currently unavailable)
rElec   +          Harm     .   (cloak currently unavailable)
rCorr   +          Rampage  .   (gloves currently unavailable)
Will    .....      NoTele   +   (boots unavailable)
Stlth   ++........              r - amulet of the acrobat
HPRegen 0.25/turn               (no ring)
MPRegen 0.00/turn               (no ring)

@: tree-form, resistant, very slow
A: stationary, stasis, torment immunity, boosted hp, sickness immunity, (fire
resistance 2), (cold vulnerability 1), float, innate caster, hp casting, extra
vitality 1
a: Renounce Religion, Bend Time


You were on level 6 of the Dungeon.
You worshipped Cheibriados.
Cheibriados was aware of your devotion.
You were a tree.
You visited 2 branches of the dungeon, and saw 7 of its levels.

You collected 212 gold pieces.

Inventory:

Hand Weapons
 c - a +0 whip
Missiles
 i - a throwing net
Armour
 a - a +0 robe
 e - a +1 ring mail of cold resistance (melded)
Jewellery
 o - a ring of protection from fire
 r - an amulet of the acrobat (around neck)
Wands
 n - a wand of flame (27)
Scrolls
 d - 4 scrolls of teleportation {unknown}
 f - a scroll of fear {unknown}
 g - 7 scrolls of identify {unknown}
 k - 2 scrolls of immolation {unknown}
 p - 2 scrolls of blinking {unknown}
 q - a scroll of magic mapping {unknown}
 t - a scroll of silence {unknown}
 u - a scroll of enchant weapon {unknown}
Potions
 b - 2 potions of lignification
 h - 2 potions of resistance
 j - 3 potions of curing
 l - 2 potions of heal wounds {unknown}
 m - a potion of cancellation {unknown}
 s - a potion of flight {unknown}


   Skills:
 + Level 4.4 Fighting
 + Level 4.0 Armour
 - Level 2.4 Dodging
 * Level 7.0 Unarmed Combat
 + Level 3.7 Spellcasting
 + Level 3.0 Invocations


You couldn't memorise any spells.
You knew the following spells:

 Your Spells              Type           Power      Damage    Failure   Level
a - Beastly Appendage     Tmut           34%        N/A       3%          1
b - Wereblood             Tmut           17%        N/A       4%          2
c - Spider Form           Tmut/Pois      8%         N/A       10%         3
d - Ice Form              Ice/Tmut       17%        N/A       32%         4
e - Corona                Hex            18%        N/A       3%          1
f - Poisonous Vapours     Pois/Air       34%        N/A       4%          2
g - Searing Ray           Conj           34%        3d4       4%          2
h - Dispel Undead         Necr           17%        3d10      32%         4
Your spell library was empty.

Dungeon Overview and Level Annotations

Branches:
Dungeon (6/15)             Temple (1/1) D:4

Altars:
Ashenzari
Cheibriados
Elyvilon
Fedhas
Makhleb
Nemelex Xobeh
Okawaru
Qazlal
Sif Muna
Trog
Uskayaw
Vehumet
Xom
Zin
The Shining One

Annotations:
D:6 Dowan, Duvessa


Innate Abilities, Weirdness & Mutations

You are a tree.
Your roots penetrate the ground, keeping you stationary.
You cannot be teleported.
You are immune to unholy pain and torment.
Your maximum health is greatly increased.
Your equipment is partially melded.
You are immune to sickness and miasma.
You are immune to poison.
((Your flesh is very heat resistant. (rF++)))
((You are vulnerable to cold. (rC-)))
You float through the air rather than walking.
You learn spells naturally, not from books.
Your magical power is your life essence.
You have superior vitality. (+4 HP)


Message History

Duvessa closely misses you.
The white imp hits you but does no damage.
Your ring mail prevents you from hitting Duvessa.
Duvessa is almost dead.
Duvessa hits you but does no damage.
It was a potion of curing.
You feel better. The white imp closely misses you.
Duvessa hits you with a +0 short sword.
You hit Duvessa but do no damage.
Duvessa is almost dead.
Duvessa hits you with a +0 short sword.
* * * LOW HITPOINT WARNING * * *
The white imp hits you but does no damage.
You barely miss Duvessa.
Duvessa is almost dead.
Duvessa closely misses you.
You hit Duvessa but do no damage.
Duvessa is almost dead.
The white imp completely misses you. Duvessa hits you but does no damage.
You hit Duvessa but do no damage.
Duvessa is almost dead.
The white imp hits you but does no damage.
Duvessa hits you with a +0 short sword.
* * * LOW HITPOINT WARNING * * *
You hit Duvessa.
Duvessa is almost dead.
You hit Duvessa but do no damage.
Duvessa is almost dead.
Duvessa hits you with a +0 short sword.
* * * LOW HITPOINT WARNING * * *
The white imp hits you but does no damage.
It was a potion of resistance.
You feel protected. Duvessa hits you with a +0 short sword!
* * * LOW HITPOINT WARNING * * *
The white imp barely misses you.
It was a potion of lignification.
You turn into a tree.
Your +1 ring mail of cold resistance melds into your body.
You feel less resistant to cold.
Your roots penetrate the ground.
Duvessa hits you with a +0 short sword.
You die...

.. ##...##.............
#.##..#................
#......##...#.......... +#
#..[........#..........
...#.....##...##..........
.... #...................
.....###.......#..#.......
#......5e.#...[..........
#......#♣##..............
#......####........##....
##..(... #........###....
##......................
#..§....................
.....................
#....##..../. #....
#.#...##


You could see Duvessa and a white imp (slow).

Vanquished Creatures
  Grinder (D:5)
  2 water moccasins
  A sky beast (D:6)
  2 necrophages (D:6)
  A centaur (D:6)
  Blork the orc (D:5)
  A scorpion (D:5)
  A bullfrog zombie (D:5)
  A centaur skeleton (D:4)
  2 hounds
  2 jellies
  2 orc priests (D:5)
  A gnoll shaman (D:3)
  A bullfrog skeleton (D:5)
  A scorpion zombie (D:5)
  2 orc wizards (D:5)
  A killer bee zombie (D:6)
  4 gnolls
  4 adders
  A shadow imp (D:5)
  2 white imps (D:6)
  An ufetubus (D:5)
  2 worms
  A dart slug (D:3)
  15 orcs
  5 endoplasms
  4 giant cockroaches
  7 goblins
  6 hobgoblins
  3 jackals (D:2)
  A quokka (D:3)
  10 ball pythons
  6 bats
  2 frilled lizards
  7 kobolds
  5 rats
  A butterfly (D:4)
110 creatures vanquished.

Vanquished Creatures (others)
  A fungus (D:5)
  A plant (D:5)
2 creatures vanquished.

Grand Total: 112 creatures vanquished

Notes
Turn   | Place    | Note
-------+----------+-------------------------------------------
     0 | D:1      | Spaninq the Djinni Transmuter began the quest for the Orb.
     0 | D:1      | Reached XP level 1. HP: 17/17 MP: 0/0
   371 | D:1      | Reached XP level 2. HP: 8/22 MP: 0/0
  1327 | D:1      | Reached XP level 3. HP: 27/27 MP: 0/0
  1327 | D:1      | Learned a level 1 spell: Corona
  2373 | D:3      | Found a glowing golden altar of the Shining One.
  2438 | D:3      | Reached XP level 4. HP: 32/33 MP: 0/0
  2552 | D:3      | Reached skill level 1 in Armour
  3300 | D:4      | Reached skill level 4 in Unarmed Combat
  3366 | D:4      | Reached XP level 5. HP: 18/38 MP: 0/0
  3366 | D:4      | Learned a level 2 spell: Poisonous Vapours
  3685 | D:4      | Reached XP level 6. HP: 38/45 MP: 0/0
  4223 | D:4      | Found a glowing silver altar of Zin.
  4340 | D:4      | Found a staircase to the Ecumenical Temple.
  4499 | Temple   | Entered the Ecumenical Temple
  4603 | Temple   | Became a worshipper of Cheibriados the Contemplative
  4666 | D:4      | Found a shimmering altar of Xom.
  4719 | D:5      | Entered Level 5 of the Dungeon
  4739 | D:5      | Reached skill level 5 in Unarmed Combat
  4929 | D:5      | Reached XP level 7. HP: 32/49 MP: 0/0
  4929 | D:5      | Learned a level 2 spell: Searing Ray
  5119 | D:5      | Found a blossoming altar of Fedhas.
  5121 | D:5      | Found a stormy altar of Qazlal.
  5224 | D:5      | Noticed Grinder
  5480 | D:5      | Killed Grinder
  5481 | D:5      | Reached skill level 1 in Invocations
  5658 | D:5      | Noticed Blork the orc
  5664 | D:5      | Reached XP level 8. HP: 42/56 MP: 0/0
  5674 | D:5      | Killed Blork the orc
  5679 | D:5      | Reached skill level 6 in Unarmed Combat
  7037 | D:6      | Reached * piety under Cheibriados
  7286 | D:6      | Reached XP level 9. HP: 47/63 MP: 0/0
  7286 | D:6      | Learned a level 4 spell: Dispel Undead
  7391 | D:6      | Reached skill level 7 in Unarmed Combat
  7427 | D:6      | Noticed Duvessa
  7427 | D:6      | Noticed Dowan
  7460 | D:6      | HP: 3/63 [Duvessa (10)]
  7461 | D:6      | Slain by Duvessa

Illustrated notes

Levels and vault maps discovered:
D:1:      dpeg_arrival_long_road, layout_loops_ring
D:2:      layout_loops_ring
D:3:      layout_loops_ring, tso_metal_star
D:4:      layout_cave_pools, kennysheep_mini, mainiacjoe_overflow_chevrons,
          minmay_temple_entry_butterflies
D:5:      layout_loops_ring, grunt_temple_overflow_forces_of_nature,
          uniq_blork_the_orc, uniq_grinder
D:6:      layout_cave_pools, gammafunk_temple_overflow_statue,
          marbit_many_paths, sigmund_army, uniq_duvessa
Temple:   compressed_dpeg_circular_temple

Skill      XL: |  1  2  3  4  5  6  7  8  9 |
---------------+----------------------------+-----
Spellcasting   | 2 3 |  3.7
Armour         | 1 2 3 4 |  4.0
Fighting       | 2 3 4 |  4.4
Unarmed Combat | 4 5 6 7 |  7.0
Invocations    | 1 2 3 |  3.0
Dodging        | |  2.4

Action                   |  1- 3 |  4- 6 |  7- 9 || total
-------------------------+-------+-------+-------++-------
Melee: Unarmed           |   119 |   203 |   163 ||   485
       Headbutt          |    11 |    28 |    32 ||    71
       Punch             |     2 |     5 |     4 ||    11
 Cast: Beastly Appendage |    20 |    23 |    18 ||    61
       Wereblood         |       |     1 |       ||     1
       Searing Ray       |       |       |     8 ||     8
Invok: Bend Time         |       |       |     1 ||     1
  Use: Potion            |       |       |     3 ||     3
Armor: Robe              |     9 |       |       ||     9
       Ring mail         |    36 |    71 |    62 ||   169
Dodge: Dodged            |    58 |    79 |   111 ||   248

Table legend: (Time is in decaauts)
 A = Elapsed time spent in this place.
 B = Non-inter-level travel time spent in this place.
 C = Inter-level travel time spent in this place.
 D = Time resting spent in this place.
 E = Time spent auto-exploring this place.
 F = Levels seen in this place.
 G = Mean time per level.
                   A        B        C        D        E       F      G
               +--------+--------+--------+--------+--------+-----+--------+
         Total |   7737 |   7482 |    255 |   1820 |   4453 |   7 | 1105.3 |
       Dungeon |   7613 |   7376 |    237 |   1820 |   4385 |   6 | 1268.8 |
        Temple |    123 |    105 |     18 |      0 |     68 |   1 |  123.0 |
               +--------+--------+--------+--------+--------+-----+--------+

Top non-repeatable levels by time:
     D:5: 2302 daAuts
     D:1: 1477 daAuts
     D:3: 1268 daAuts
     D:4: 1236 daAuts
     D:2: 793 daAuts
     D:6: 535 daAuts
  Temple: 123 daAuts
